 Dungeon Crawl Stone Soup version 0.28-a0-653-g7e9dba17c3 (webtiles) character file.

Game seed: 4806276362469979859

355 siradein the Ducker (level 6, 0/48 HPs)
             Began as a Demonspawn Gladiator on Oct 11, 2021.
             Slain by a scorpion (2 damage)
             ... on level 6 of the Dungeon.
             The game lasted 00:08:04 (3530 turns).

siradein the Ducker (Demonspawn Gladiator)          Turns: 3530, Time: 00:08:05

Health: 0/48       AC: 11    Str: 12 (14) XL:     6   Next: 36%
Magic:  6/6        EV: 12    Int:  9 (12) God:
Gold:   153        SH:  4    Dex: 13 (14) Spells: 5/5 levels left

rFire   . . .      SeeInvis .   r - +0 flail (protect)
rCold   . . .      Faith    .   (no shield)
rNeg    . . .      Spirit   .   b - +0 leather armour
rPois   .          Reflect  .   c - +0 helmet
rElec   .          Harm     .   (no cloak)
rCorr   .          Rampage  .   (no gloves)
Will    .....                   (no boots)
Stlth   +.........              o - amulet of magic regeneration
HPRegen 0.16/turn               (no ring)
MPRegen 0.35/turn               (no ring)

@: lethally poisoned (0 -> -6), under a protective aura
A: hooves 1, condensation shield, demonic magic 1
a: no special abilities


You were on level 6 of the Dungeon.
You visited 1 branch of the dungeon, and saw 5 of its levels.

You collected 153 gold pieces.

Inventory:

Hand Weapons
 a - a +0 quarterstaff
 r - a +0 flail of protection (weapon)
Missiles
 d - 3 throwing nets (quivered)
Armour
 b - a +0 leather armour (worn)
 c - a +0 helmet (worn)
Jewellery
 o - an amulet of magic regeneration (around neck)
Wands
 s - a wand of iceblast (5)
Scrolls
 e - 2 scrolls of vulnerability {unknown}
 f - 3 scrolls of fear {unknown}
 g - a scroll of noise {unknown}
 h - a scroll of silence {unknown}
 j - a scroll of immolation {unknown}
 k - a scroll of fog {unknown}
 l - a scroll of teleportation {unknown}
 m - a scroll of identify {unknown}
 n - a scroll of enchant armour {unknown}
 q - a scroll of summoning {unknown}
Potions
 p - a potion of curing {unknown}


   Skills:
 + Level 3.7 Fighting
 + Level 4.0 Staves
 + Level 3.3 Throwing
 + Level 4.0 Dodging


You had 5 spell levels left.
You didn't know any spells.
Your spell library contained the following spells:

 Spells                   Type           Power      Damage    Failure   Level
 Freeze                   Ice            0%         1d3       45%         1
 Frozen Ramparts          Ice            0%         1d2       83%         3
 Stone Arrow              Conj/Erth      0%         3d7       83%         3
 Animate Armour           Summ/Erth      0%         N/A       99%         4
 Animate Dead             Necr           0%         N/A       99%         4
 Hailstorm                Conj/Ice       0%         3d3       99%         4
 Haunt                    Necr/Summ      0%         N/A       100%        7
 Infestation              Necr           0%         N/A       100%        8
 Lehudib's Crystal Spear  Conj/Erth      0%         10d2      100%        8


Dungeon Overview and Level Annotations

Branches:
Dungeon (6/15)
 Temple: D:4-7

Altars:
Yredelemnul

Shops:
D:2 (

Annotations:
D:6 4 runed translucent doors


Innate Abilities, Weirdness & Mutations

You have large cloven feet.
A meltable shield of frost defends you. (SH +4)
Spells you cast may paralyse adjacent enemies.


Message History

The scorpion misses you. The scorpion completely misses you.
You are too injured to fight recklessly!
You are too injured to fight recklessly!
You are too injured to fight recklessly!
Unknown command.
You closely miss the scorpion.
The scorpion is heavily wounded.
You feel very sick. The scorpion barely misses you.
You hit the scorpion.
You kick the scorpion, but do no damage.
The scorpion is heavily wounded.
You feel sick. You block the scorpion's attack. The scorpion misses you.
You barely miss the scorpion.
The scorpion is heavily wounded.
You feel sick. The scorpion barely misses you.
You closely miss the scorpion.
The scorpion is heavily wounded.
You feel sick. The scorpion closely misses you. The scorpion stings you.
* * * LOW HITPOINT WARNING * * *
You are lethally poisoned!
The scorpion poisons you!
You closely miss the scorpion.
The scorpion is heavily wounded.
* * * LOW HITPOINT WARNING * * *
You feel very sick. The scorpion closely misses you.
You hit the scorpion.
Your weapon exudes an aura of protection.
You kick the scorpion, but do no damage.
The scorpion is severely wounded.
* * * LOW HITPOINT WARNING * * *
You feel very sick. The scorpion misses you. The scorpion barely misses you.
It was a potion of degeneration.
There was something very wrong with that liquid.
You feel weakened.
You feel dopey.
You feel clumsy.
* * * LOW HITPOINT WARNING * * *
You feel sick. The scorpion stings you.
You die...

### #@#
#s################
#.................
##################
##### ....


You could see a scorpion.

Vanquished Creatures
  A scorpion (D:6)
  A howler monkey (D:6)
  2 hounds (D:6)
  A bullfrog skeleton (D:6)
  A centaur skeleton (D:6)
  Jessica (D:3)
  3 gnolls (D:5)
  3 adders
  A worm (D:2)
  An orc (D:6)
  2 ball pythons (D:1)
  6 endoplasms
  2 giant cockroaches (D:2)
  4 goblins
  7 hobgoblins
  3 jackals (D:1)
  4 kobolds
  2 quokkas
  4 bats
  2 frilled lizards (D:2)
  7 rats
58 creatures vanquished.

Notes
Turn   | Place    | Note
-------+----------+-------------------------------------------
     0 | D:1      | siradein the Demonspawn Gladiator began the quest for the
                  | Orb.
     0 | D:1      | Reached XP level 1. HP: 16/16 MP: 1/1
   327 | D:1      | Gained mutation: You have large cloven feet. [demonic
                  | ancestry]
   327 | D:1      | Reached XP level 2. HP: 22/22 MP: 2/2
   973 | D:2      | Found Bafal's Weapon Shop.
  1146 | D:2      | Found a faded altar of an unknown god.
  1152 | D:2      | Reached XP level 3. HP: 27/28 MP: 3/3
  1958 | D:3      | Noticed Jessica
  1959 | D:3      | Killed Jessica
  1960 | D:3      | Gained mutation: A meltable shield of frost defends you.
                  | (SH +4) [demonic ancestry]
  1960 | D:3      | Reached XP level 4. HP: 34/34 MP: 4/4
  2263 | D:3      | You fall into a shaft and drop 3 floors!
  2549 | D:6      | Gained mutation: Spells you cast may paralyse adjacent
                  | enemies. [demonic ancestry]
  2549 | D:6      | Reached XP level 5. HP: 29/41 MP: 5/5
  2765 | D:6      | Found a large runed translucent door.
  2766 | D:6      | Found a large runed translucent door.
  2772 | D:6      | Found a large runed translucent door.
  2772 | D:6      | Found a large runed translucent door.
  2773 | D:6      | Noticed a yak
  3014 | D:5      | Entered Level 5 of the Dungeon
  3054 | D:5      | Noticed an ice beast
  3075 | D:6      | Reached XP level 6. HP: 36/48 MP: 6/6
  3487 | D:5      | Found a basalt altar of Yredelemnul.
  3530 | D:6      | HP: 2/48 [poisoned by a scorpion]
  3530 | D:6      | Slain by a scorpion

Illustrated notes

Levels and vault maps discovered:
D:1:      dpeg_arrival_snail, layout_loops_ring, minmay_close_crescents
D:2:      layout_basic, serial_shops, shop,
          ebering_ecumenical_altar_sacrificial,
          hangedman_abyss_or_decor_lesser_grid
D:3:      layout_basic, uniq_jessica, uniq_ijyb
D:5:      layout_loops_ring, grunt_temple_overflow_open, wad_rectangle_vault
D:6:      layout_basic, minitemple, minmay_hollow_rounded_squares

Skill      XL: |  1  2  3  4  5  6 |
---------------+-------------------+-----
Throwing       | 2 3 |  3.3
Staves         | 3 4 |  4.0
Dodging        | 3 4 |  4.0
Fighting       | 3 |  3.7

Action                   |  1- 3 |  4- 6 || total
-------------------------+-------+-------++-------
Melee: Quarterstaff      |   104 |    73 ||   177
       Kick              |    13 |    19 ||    32
       Flail             |       |    15 ||    15
  Use: Potion            |       |     1 ||     1
Armor: Leather armour    |    33 |    14 ||    47
Dodge: Dodged            |    65 |    74 ||   139
Block: Other             |       |    16 ||    16

Table legend: (Time is in decaauts)
 A = Elapsed time spent in this place.
 B = Non-inter-level travel time spent in this place.
 C = Inter-level travel time spent in this place.
 D = Time resting spent in this place.
 E = Time spent auto-exploring this place.
 F = Levels seen in this place.
 G = Mean time per level.
                   A        B        C        D        E       F      G
               +--------+--------+--------+--------+--------+-----+--------+
         Total |   3558 |   3516 |     42 |    432 |   2141 |   5 |  711.6 |
       Dungeon |   3558 |   3516 |     42 |    432 |   2141 |   5 |  711.6 |
               +--------+--------+--------+--------+--------+-----+--------+

Top non-repeatable levels by time:
     D:1: 965 daAuts
     D:6: 904 daAuts
     D:2: 764 daAuts
     D:3: 550 daAuts
     D:5: 374 daAuts
